[ PARTIDA AOE2 · #477755010 ]
UnrankedCumanos vs Spanish
Equipo del jugador · VICT
Equipo rival · DERR
[ ANÁLISIS DE REPETICIÓN · EXTRAÍDO DE LA PARTIDA GRABADA ]
Feudal
8:32
Castillos
20:09
Imperial
30:05
| APM promedio | 41.8 |
| APM pico | 88 |
| eAPM promedio | 23.3 |
| Aldeanos / militares | 142 / 91 |
Foco
⚔️ 34.3% · 🌾 65.7%
Spearman ×37 · Scout Cavalry ×33 · Skirmisher ×13 · Mangonel ×5 · Trebuchet (Packed) ×3
Feudal
10:57
Castillos
15:03
Imperial
—
| APM promedio | 67.8 |
| APM pico | 130 |
| eAPM promedio | 37.2 |
| Aldeanos / militares | 68 / 93 |
Foco
⚔️ 19.5% · 🌾 80.5%
Knight ×42 · Battering Ram ×26 · Conquistador ×14 · Missionary ×5 · Mangonel ×3 · Spearman ×3
Mapa de la partida
Recursos iniciales + cada clic de construcción. Líneas = muros · curvas = relieve. ◆ oro · ⬟ piedra · ● bayas · ✦ reliquia · ◌ hueco del cierre
Tu base· ✓ Cerrada en 20:09 · 1t muro · 2 puerta(s)
Base de MZTK | Paragon· ✓ Cerrada en 15:03 · 0t muro · 3 puerta(s)
Terreno inicial suavizado · ◌ = hueco del cierre detectado · pasá el cursor para detalles
Inputs por minuto
— xyliu5002 - - MZTK | Paragon
Build order — xyliu5002
Primeras 150 de 429 acciones detectadas
| 0:02 | Crear | Villager (Male) |
| 0:02 | Crear | Villager (Male) |
| 0:04 | Construir | House |
| 0:05 | Construir | House |
| 0:27 | Construir | House |
| 0:36 | Crear | Villager (Male) |
| 0:37 | Crear | Villager (Male) |
| 0:37 | Crear | Villager (Male) |
| 0:37 | Crear | Villager (Male) |
| 1:01 | Construir | Lumber Camp |
| 1:34 | Crear | Villager (Male) |
| 1:34 | Crear | Villager (Male) |
| 1:35 | Crear | Villager (Male) |
| 2:06 | Crear | Villager (Male) |
| 2:32 | Crear | Villager (Male) |
| 2:56 | Crear | Villager (Male) |
| 2:56 | Crear | Villager (Male) |
| 3:22 | Crear | Villager (Male) |
| 3:22 | Crear | Villager (Male) |
| 3:40 | Crear | Villager (Male) |
| 3:40 | Crear | Villager (Male) |
| 4:16 | Crear | Villager (Male) |
| 4:16 | Crear | Villager (Male) |
| 4:25 | Crear | Villager (Male) |
| 4:25 | Crear | Villager (Male) |
| 4:26 | Crear | Villager (Male) |
| 5:11 | Construir | Mill |
| 5:33 | Crear | Villager (Male) |
| 6:22 | Investigar | Feudal Age |
| 6:22 | Investigar | Feudal Age |
| 7:14 | Construir | House |
| 7:21 | Crear | Villager (Male) |
| 7:22 | Crear | Villager (Male) |
| 8:32 | Edad | Edad Feudal |
| 8:47 | Construir | Town Center |
| 8:53 | Investigar | Double-Bit Axe |
| 8:53 | Investigar | Double-Bit Axe |
| 8:54 | Investigar | Double-Bit Axe |
| 9:19 | Crear | Villager (Male) |
| 9:26 | Investigar | Horse Collar |
| 9:26 | Investigar | Horse Collar |
| 9:26 | Investigar | Horse Collar |
| 9:27 | Investigar | Horse Collar |
| 9:39 | Construir | Farm |
| 9:44 | Crear | Villager (Male) |
| 9:44 | Crear | Villager (Male) |
| 9:52 | Construir | Farm |
| 10:12 | Construir | House |
| 10:15 | Crear | Villager (Male) |
| 10:18 | Construir | Farm |
| 10:19 | Crear | Villager (Male) |
| 10:33 | Construir | Farm |
| 10:45 | Crear | Villager (Male) |
| 10:45 | Crear | Villager (Male) |
| 10:56 | Crear | Villager (Male) |
| 10:59 | Construir | Farm |
| 11:06 | Construir | House |
| 11:12 | Construir | Farm |
| 11:13 | Crear | Villager (Male) |
| 11:21 | Crear | Villager (Male) |
| 11:21 | Crear | Villager (Male) |
| 11:25 | Construir | Farm |
| 11:39 | Construir | Farm |
| 11:42 | Construir | House |
| 11:44 | Crear | Villager (Male) |
| 11:44 | Crear | Villager (Male) |
| 11:54 | Construir | Farm |
| 11:59 | Construir | Farm |
| 12:02 | Crear | Villager (Male) |
| 12:02 | Crear | Villager (Male) |
| 12:03 | Crear | Villager (Male) |
| 12:07 | Construir | Farm |
| 12:14 | Construir | House |
| 12:17 | Crear | Villager (Male) |
| 12:17 | Crear | Villager (Male) |
| 12:21 | Construir | Farm |
| 12:30 | Crear | Villager (Male) |
| 12:31 | Crear | Villager (Male) |
| 12:39 | Construir | Farm |
| 12:45 | Crear | Villager (Male) |
| 12:45 | Crear | Villager (Male) |
| 12:49 | Construir | House |
| 12:56 | Construir | Farm |
| 12:57 | Crear | Villager (Male) |
| 13:07 | Crear | Villager (Male) |
| 13:10 | Construir | Farm |
| 13:14 | Crear | Villager (Male) |
| 13:14 | Crear | Villager (Male) |
| 13:17 | Construir | Farm |
| 13:23 | Construir | Farm |
| 13:28 | Construir | House |
| 13:29 | Crear | Villager (Male) |
| 13:31 | Crear | Villager (Male) |
| 13:36 | Construir | Farm |
| 13:47 | Crear | Villager (Male) |
| 13:52 | Construir | Farm |
| 13:54 | Crear | Villager (Male) |
| 13:58 | Construir | House |
| 14:00 | Crear | Villager (Male) |
| 14:11 | Construir | Farm |
| 14:16 | Construir | Farm |
| 14:23 | Investigar | Wheelbarrow |
| 14:23 | Investigar | Wheelbarrow |
| 14:24 | Investigar | Wheelbarrow |
| 14:32 | Construir | House |
| 14:34 | Crear | Villager (Male) |
| 14:48 | Crear | Villager (Male) |
| 14:54 | Construir | Farm |
| 15:10 | Construir | Barracks |
| 15:15 | Construir | House |
| 15:16 | Crear | Villager (Male) |
| 15:25 | Crear | Villager (Male) |
| 15:52 | Construir | Blacksmith |
| 16:01 | Crear | Villager (Male) |
| 16:13 | Construir | Archery Range |
| 16:18 | Construir | Stable |
| 16:20 | Crear | Villager (Male) |
| 16:32 | Crear | Villager (Male) |
| 16:32 | Crear | Villager (Male) |
| 16:46 | Crear | Villager (Male) |
| 16:58 | Construir | Siege Workshop |
| 17:15 | Construir | House |
| 17:17 | Construir | Palisade Wall |
| 17:28 | Crear | Skirmisher |
| 17:29 | Investigar | Castle Age |
| 17:31 | Crear | Villager (Male) |
| 17:31 | Crear | Villager (Male) |
| 17:36 | Construir | Archery Range |
| 17:40 | Investigar | Padded Archer Armor |
| 17:41 | Investigar | Padded Archer Armor |
| 17:53 | Construir | House |
| 18:01 | Crear | Skirmisher |
| 18:02 | Crear | Skirmisher |
| 18:08 | Crear | Villager (Male) |
| 18:15 | Construir | Farm |
| 18:17 | Construir | Mill |
| 18:21 | Construir | Farm |
| 18:23 | Crear | Villager (Male) |
| 18:23 | Crear | Villager (Male) |
| 18:32 | Construir | Mining Camp |
| 18:38 | Crear | Skirmisher |
| 18:39 | Crear | Skirmisher |
| 18:39 | Crear | Skirmisher |
| 18:41 | Crear | Villager (Male) |
| 18:44 | Investigar | Fletching |
| 18:44 | Investigar | Fletching |
| 18:48 | Crear | Villager (Male) |
| 18:52 | Crear | Skirmisher |
| 18:52 | Crear | Skirmisher |
| 18:53 | Crear | Villager (Male) |
Build order — MZTK | Paragon
Primeras 150 de 258 acciones detectadas
| 0:01 | Crear | Villager (Male) |
| 0:02 | Crear | Villager (Male) |
| 0:02 | Crear | Villager (Male) |
| 0:02 | Crear | Villager (Male) |
| 0:03 | Construir | House |
| 0:05 | Construir | House |
| 1:28 | Investigar | Loom |
| 1:30 | Crear | Villager (Male) |
| 1:30 | Crear | Villager (Male) |
| 1:44 | Crear | Villager (Male) |
| 1:50 | Construir | Lumber Camp |
| 2:16 | Crear | Villager (Male) |
| 2:17 | Crear | Villager (Male) |
| 2:35 | Crear | Villager (Male) |
| 2:51 | Crear | Villager (Male) |
| 2:52 | Crear | Villager (Male) |
| 3:05 | Crear | Villager (Male) |
| 3:41 | Construir | House |
| 3:42 | Construir | House |
| 3:43 | Construir | House |
| 3:43 | Construir | House |
| 3:55 | Crear | Villager (Male) |
| 3:56 | Crear | Villager (Male) |
| 4:34 | Crear | Villager (Male) |
| 4:42 | Construir | Mill |
| 5:02 | Crear | Villager (Male) |
| 5:15 | Construir | Mining Camp |
| 5:41 | Crear | Villager (Male) |
| 5:41 | Crear | Villager (Male) |
| 6:38 | Crear | Villager (Male) |
| 6:38 | Crear | Villager (Male) |
| 7:24 | Crear | Villager (Male) |
| 7:25 | Crear | Villager (Male) |
| 7:59 | Construir | Mining Camp |
| 8:22 | Crear | Villager (Male) |
| 8:30 | Investigar | Feudal Age |
| 9:26 | Crear | Villager (Male) |
| 9:27 | Investigar | Loom |
| 10:14 | Construir | Farm |
| 10:19 | Construir | Farm |
| 10:57 | Edad | Edad Feudal |
| 11:01 | Construir | Market |
| 11:05 | Construir | Blacksmith |
| 11:49 | Crear | Villager (Male) |
| 12:23 | Investigar | Castle Age |
| 13:15 | Construir | Barracks |
| 13:47 | Crear | Villager (Male) |
| 13:48 | Crear | Spearman |
| 13:49 | Crear | Spearman |
| 14:04 | Construir | Farm |
| 14:13 | Crear | Spearman |
| 14:33 | Construir | Farm |
| 14:55 | Construir | Mining Camp |
| 15:03 | Edad | Edad de los Castillos |
| 15:12 | Construir | Castle |
| 15:20 | Construir | Monastery |
| 15:26 | Investigar | Double-Bit Axe |
| 15:32 | Crear | Villager (Male) |
| 15:32 | Crear | Villager (Male) |
| 15:59 | Crear | Villager (Male) |
| 16:02 | Construir | Farm |
| 16:04 | Crear | Missionary |
| 16:05 | Crear | Missionary |
| 16:27 | Construir | Siege Workshop |
| 16:38 | Crear | Villager (Male) |
| 16:43 | Crear | Missionary |
| 17:01 | Construir | Farm |
| 17:06 | Construir | Farm |
| 17:08 | Construir | Farm |
| 17:12 | Crear | Villager (Male) |
| 17:12 | Crear | Villager (Male) |
| 17:24 | Construir | Farm |
| 17:40 | Crear | Conquistador |
| 17:56 | Crear | Villager (Male) |
| 18:16 | Crear | Battering Ram |
| 18:17 | Crear | Battering Ram |
| 18:22 | Crear | Conquistador |
| 18:22 | Crear | Conquistador |
| 18:31 | Construir | Farm |
| 18:32 | Construir | Farm |
| 18:33 | Crear | Villager (Male) |
| 18:41 | Construir | Lumber Camp |
| 18:54 | Crear | Villager (Male) |
| 19:00 | Construir | Farm |
| 19:00 | Construir | Farm |
| 19:17 | Crear | Villager (Male) |
| 19:39 | Construir | Farm |
| 19:42 | Crear | Battering Ram |
| 19:45 | Crear | Conquistador |
| 19:46 | Crear | Conquistador |
| 19:50 | Crear | Conquistador |
| 20:11 | Construir | Stable |
| 20:18 | Construir | Farm |
| 20:22 | Crear | Villager (Male) |
| 20:38 | Crear | Villager (Male) |
| 21:08 | Crear | Mangonel |
| 21:12 | Crear | Villager (Male) |
| 21:48 | Crear | Villager (Male) |
| 21:48 | Crear | Villager (Male) |
| 21:51 | Investigar | Husbandry |
| 21:51 | Investigar | Husbandry |
| 22:01 | Crear | Villager (Male) |
| 22:06 | Construir | House |
| 22:07 | Construir | House |
| 22:08 | Construir | House |
| 22:08 | Construir | House |
| 22:09 | Construir | House |
| 22:17 | Construir | Farm |
| 22:18 | Investigar | Horse Collar |
| 22:25 | Crear | Mangonel |
| 22:25 | Crear | Battering Ram |
| 22:41 | Construir | Farm |
| 22:41 | Construir | Farm |
| 22:50 | Crear | Knight |
| 22:51 | Crear | Knight |
| 22:51 | Crear | Knight |
| 23:00 | Crear | Villager (Male) |
| 23:07 | Construir | Farm |
| 23:09 | Construir | Farm |
| 23:13 | Construir | Farm |
| 23:30 | Crear | Conquistador |
| 23:30 | Crear | Conquistador |
| 23:37 | Crear | Villager (Male) |
| 24:06 | Crear | Villager (Male) |
| 24:08 | Crear | Knight |
| 24:08 | Crear | Knight |
| 24:18 | Crear | Villager (Male) |
| 24:21 | Construir | Farm |
| 24:30 | Crear | Villager (Male) |
| 24:30 | Crear | Villager (Male) |
| 24:30 | Crear | Villager (Male) |
| 24:37 | Crear | Villager (Male) |
| 25:19 | Crear | Battering Ram |
| 25:19 | Crear | Battering Ram |
| 25:19 | Crear | Battering Ram |
| 25:19 | Crear | Battering Ram |
| 25:19 | Crear | Battering Ram |
| 25:20 | Crear | Conquistador |
| 25:20 | Crear | Conquistador |
| 25:20 | Crear | Conquistador |
| 25:27 | Crear | Villager (Male) |
| 25:27 | Crear | Villager (Male) |
| 25:27 | Crear | Villager (Male) |
| 25:43 | Construir | Farm |
| 25:44 | Construir | Farm |
| 25:51 | Investigar | Gold Mining |
| 26:22 | Investigar | Bloodlines |
| 26:31 | Crear | Villager (Male) |
| 26:36 | Construir | Lumber Camp |
| 26:40 | Crear | Battering Ram |
Cronología de la partida
| 8:32 | xyliu5002 · age_up feudal |
| 10:57 | MZTK | Paragon · age_up feudal |
| 13:15 | MZTK | Paragon · first_building Barracks |
| 15:03 | MZTK | Paragon · age_up castle |
| 15:10 | xyliu5002 · first_building Barracks |
| 15:12 | MZTK | Paragon · first_building Castle |
| 15:20 | MZTK | Paragon · first_building Monastery |
| 16:13 | xyliu5002 · first_building Archery Range |
| 16:18 | xyliu5002 · first_building Stable |
| 16:27 | MZTK | Paragon · first_building Siege Workshop |
| 16:58 | xyliu5002 · first_building Siege Workshop |
| 17:17 | xyliu5002 · wall_segment Palisade Wall x1 |
| 20:09 | xyliu5002 · age_up castle |
| 20:11 | MZTK | Paragon · first_building Stable |
| 28:25 | xyliu5002 · first_building Castle |
| 30:05 | xyliu5002 · age_up imperial |
| 35:02 | MZTK | Paragon · first_market_buy 100 stone |
| 37:23 | MZTK | Paragon · resign |
[ ANÁLISIS IA · 1 CRÉDITO ]
¿Qué pasó realmente en esta partida?
Wolo.gg analiza cada decisión: build order, eco, micro, errores típicos por bracket. Análisis personalizado por WhatsApp o Discord en 30 segundos.
Guía civ
Cumanos
Perfil
Jugador #2022601